 Dungeon Crawl Stone Soup version 0.29-a0-723-gce39da1c22 (webtiles) character file.

Game seed: 14194725788569427810

4 blackman the Sneak (level 1, -2/18 HPs)
             Began as a Human Delver on June 28, 2022.
             Shot with an arrow by a centaur (8 damage)
             ... on level 5 of the Dungeon.
             The game lasted 00:00:53 (131 turns).

blackman the Sneak (Human Delver)                    Turns: 131, Time: 00:00:53

Health: -2/18      AC:  3    Str: 12    XL:     1   Next: 77%
Magic:  1/1        EV: 12    Int: 10    God:
Gold:   15         SH:  0    Dex: 14    Spells: 0/0 levels left

rFire   . . .      SeeInvis .   a - +0 hand axe
rCold   . . .      Faith    .   (no shield)
rNeg    . . .      Spirit   .   b - +0 leather armour
rPois   .          Reflect  .   (no helmet)
rElec   .          Harm     .   (no cloak)
rCorr   .          Rampage  .   (no gloves)
Will    .....                   (no boots)
Stlth   +++.......              (no amulet)
HPRegen 0.06/turn               (no ring)
MPRegen 0.07/turn               (no ring)

@: no status effects
A: no striking features
a: no special abilities


You were on level 5 of the Dungeon.
You visited 1 branch of the dungeon, and saw 1 of its levels.

You collected 15 gold pieces.

Inventory:

Hand Weapons
 a - a +0 hand axe (weapon)
Armour
 b - a +0 leather armour (worn)
 h - an orb of energy
Wands
 g - a wand of digging (3)
Scrolls
 c - a scroll of fog
 d - a scroll of magic mapping
 i - a scroll of identify {unknown}
 j - a scroll of poison {unknown}
Potions
 f - a potion of haste


   Skills:
 - Level 3.0 Fighting
 + Level 2.4 Axes
 - Level 2.0 Dodging
 - Level 5.0 Stealth


You couldn't memorise any spells.
You didn't know any spells.
Your spell library was empty.

Dungeon Overview and Level Annotations

Branches:
Dungeon (5/15)
 Temple: D:4-7

Altars:
Dithmenos


Message History

You kill the dart slug!
You see here a dart slug corpse.
Found a stone staircase leading down.
You see here an orb of energy.
You see here an orb of energy.
h - an orb of energy
Found a shadowy altar of Dithmenos.
Found a scroll labelled NAXALIO WEALA.
i - a scroll labelled NAXALIO WEALA
There are no items here.
A jelly comes into view.
Found a scroll labelled SIMICE NITIBI.
Found a stone staircase leading up.
j - a scroll labelled SIMICE NITIBI
There are no items here.
Found 15 gold pieces.
Found 2 stones.
An orc comes into view. It is wielding a +0 mace.
You see here 15 gold pieces.
You now have 15 gold pieces.
The orc barely misses you.
You hit the orc.
The orc is almost dead.
The orc closely misses you.
You hit the orc.
You kill the orc!
No target in view!
No target in view!
A centaur comes into view.
Found a book of Dreams.
The centaur wields a +0 shortbow.
The centaur shoots an arrow.
The arrow hits you.
A black bear comes into view.
The black bear growls angrily.
The centaur shoots an arrow.
The arrow hits you!
* * * LOW HITPOINT WARNING * * *
As you read the scroll of fear, it crumbles to dust.
You assume a fearsome visage.
The black bear looks frightened!
The centaur looks frightened!
The centaur shoots an arrow.
The arrow hits you!
You die...

## ########## ...
.:.......##.. h....c.....
.........#################
............@............#
.........###############.##
# .........# #..# .
.........# ##.# .
.........# #.##) ########..
#(... ### ###########..##
###...#........#
###.......#####.##


You could see a centaur.

Vanquished Creatures
  A dart slug (D:5)
  An orc (D:5)
2 creatures vanquished.

Notes
Turn   | Place    | Note
-------+----------+-------------------------------------------
     0 | D:5      | blackman the Human Delver began the quest for the Orb.
     0 | D:5      | Reached XP level 1. HP: 18/18 MP: 1/1
    29 | D:5      | Found a shadowy altar of Dithmenos.
    43 | D:5      | Noticed a jelly
   124 | D:5      | Noticed a centaur
   125 | D:5      | Noticed a black bear
   131 | D:5      | Shot with an arrow by a centaur

Illustrated notes

Levels and vault maps discovered:
D:5:      layout_rooms, grunt_dithmenos_smoke, gammafunk_ghost_arena,
          eino_curves_01, uniq_crazy_yiuf_cottage

Action                   || total
-------------------------++-------
Melee: Hand axe          ||     7
  Use: Scroll            ||     1
Armor: Leather armour    ||     1
Dodge: Dodged            ||     5

Table legend: (Time is in decaauts)
 A = Elapsed time spent in this place.
 B = Non-inter-level travel time spent in this place.
 C = Inter-level travel time spent in this place.
 D = Time resting spent in this place.
 E = Time spent auto-exploring this place.
 F = Levels seen in this place.
 G = Mean time per level.
                   A        B        C        D        E       F      G
               +--------+--------+--------+--------+--------+-----+--------+
         Total |    132 |    132 |      0 |      0 |      0 |   1 |  132.0 |
       Dungeon |    132 |    132 |      0 |      0 |      0 |   1 |  132.0 |
               +--------+--------+--------+--------+--------+-----+--------+

Top non-repeatable levels by time:
     D:5: 132 daAuts
